[Event "Mistrovství Čech mládeže 2023 - HD14"]
[Site "Harrachov, Czech Republic"]
[Date "2023.10.26"]
[Round "7.9"]
[White "Slívová, Linda"]
[Black "Bělaška, Adam"]
[Result "1-0"]
[TimeControl "90m + 30s"]
[WhiteElo "1624"]
[BlackElo "1503"]

1. d4 d5 2. Nf3 Nf6 3. e3 e6 4. Bd3 c5 5. b3 Nbd7 6. Nbd2 b6 7. O-O Bd6 8. Bb2 O-O 9. Ne5 Qc7 10.
f4 Bb7 11. Qe2 Ne4 12. c4 f5 13. Rac1 Qd8 14. cxd5 exd5 15. Bb5 Ndf6 16. Ndf3 Rc8 17. Qe1 a6 18. Bd3 b5 19. dxc5 Bxc5 20.
Bd4 Qe7 21. Nh4 Nd7 22. Nxd7 Bxd4 23. exd4 Qxd7 24. Nf3 Rxc1 25. Qxc1 Rc8 26. Qb2 Qc7 27. Ne5 b4 28. Qe2 Qc3 29.
Nf3 a5 30. Kh1 g6 31. Kg1 Re8 32. Qc2 Qxc2 33. Bxc2 Nc3 34. Bd3 Re3 35. Ne5 Ne4 36. Rc1 Kf8 37. Kf1 Ke8 38. Rc7 Rxd3 39.
Nxd3 Ba6 40. Ke2 Nc3+ 41. Kd2 Nxa2 42. Ra7 1-0

[Event "Mistrovství Čech mládeže 2023 - HD14"]
[Site "Harrachov, Czech Republic"]
[Date "2023.10.26"]
[Round "7.10"]
[White "Bludský, Hynek"]
[Black "Hrdlička, Jan"]
[Result "1-0"]
[TimeControl "90m + 30s"]
[WhiteElo "1547"]
[BlackElo "1418"]

1. e4 c5 2. Nf3 d6 3. d4 cxd4 4. Nxd4 Nf6 5. Nc3 g6 6. Be3 Bg7 7. f3 O-O 8. Qd2 Nc6 9. g4 Be6 10.
Nxe6 fxe6 11. Be2 Qc8 12. h4 Ne5 13. h5 Nc4 14. Bxc4 Qxc4 15. hxg6 hxg6 16. Bh6 Rac8 17. a3 a5 18.
Qd3 Qxd3 19. cxd3 Nd7 20. Bxg7 Kxg7 21. Ke2 Ne5 22. Rh3 Rf4 23. Rah1 Rg8 24. Nb5 Nc6 25. Ke3 Rf7 26. Nc7 Kf6 27.
Rh7 Rxh7 28. Rxh7 e5 29. Nd5+ Ke6 30. g5 b5 31. Nc7+ Kd7 32. Nxb5 Rb8 33. a4 Rc8 34. Rg7 Nd4 35.
Nxd4 exd4+ 36. Kxd4 Rc2 37. Rxg6 Rxb2 38. Rg8 Rb4+ 39. Ke3 Rxa4 40. Ra8 Ra1 41. f4 Ke6 42. Kd4 a4 43. f5+ Kf7 44.
g6+ Kg7 45. Re8 e5+ 46. Kd5 a3 47. Re7+ Kg8 48. f6 Kf8 49. g7+ 1-0

[Event "Mistrovství Čech mládeže 2023 - HD14"]
[Site "Harrachov, Czech Republic"]
[Date "2023.10.26"]
[Round "7.11"]
[White "Kammová, Kateřina"]
[Black "Petrášek, Jiří"]
[Result "0-1"]
[TimeControl "90m + 30s"]
[WhiteElo "1543"]
[BlackElo "1423"]

1. e4 e5 2. Nf3 Nc6 3. d4 exd4 4. Nxd4 Bc5 5. Be3 Qf6 6. c3 Nge7 7. Qd2 h6 8. Nb5 Bxe3 9. Qxe3 Kd8 10.
Nd2 Re8 11. O-O-O a6 12. Na3 Ng6 13. g3 d6 14. h3 Be6 15. Bc4 Kc8 16. Kb1 Re7 17. Bxe6+ Qxe6 18. Nc2 f5 19. exf5 Qxf5 20.
Qf3 Qxf3 21. Nxf3 Rf7 22. Nce1 Kd7 23. Rd2 Raf8 24. Nd4 Nxd4 25. Rxd4 Rxf2 26. Nd3 Rf1+ 27. Rxf1 Rxf1+ 28. Kc2 Ke6 29.
Re4+ Kf7 30. Re3 Ne7 31. Nf4 Nf5 32. Rd3 Rf2+ 33. Kb3 b5 34. a3 g5 35. Nd5 c5 36. c4 Nd4+ 37. Ka2 bxc4 38.
Re3 Rf1 39. Re7+ Kf8 40. Ra7 Nb3 41. Ra8+ Kf7 42. Ra7+ Kg6 43. Ne7+ Kf6 44. Ng8+ Ke6 45. Re7+ Kd5 0-1

[Event "Mistrovství Čech mládeže 2023 - HD14"]
[Site "Harrachov, Czech Republic"]
[Date "2023.10.26"]
[Round "7.12"]
[White "Čech, Nicolas"]
[Black "Stefaniv, Vladislav"]
[Result "0-1"]
[TimeControl "90m + 30s"]
[WhiteElo "1399"]
[BlackElo "1566"]

1. e4 e6 2. d4 d5 3. exd5 exd5 4. Bd3 c5 5. dxc5 Bxc5 6. Nf3 Nf6 7. O-O O-O 8. c3 Nc6 9. h3 Qd6 10.
Re1 Bxh3 11. gxh3 Qg3+ 12. Kh1 Qxh3+ 13. Nh2 Bxf2 14. Rf1 Bg3 15. Qe2 Ng4 16. Bf5 Qxh2+ 17. Qxh2 Nxh2 18. Bf4 Nxf1 0-1

[Event "Mistrovství Čech mládeže 2023 - HD14"]
[Site "Harrachov, Czech Republic"]
[Date "2023.10.26"]
[Round "7.13"]
[White "Tejnor, Martin"]
[Black "Stibor, Ondřej"]
[Result "1/2-1/2"]
[TimeControl "90m + 30s"]
[WhiteElo "1418"]
[BlackElo "1170"]

1. e4 e5 2. Nf3 Nc6 3. Nc3 Bc5 4. Bc4 d6 5. h3 Nf6 6. d3 Be6 7. Bb3 O-O 8. Bg5 Qe7 9. O-O Rad8 10.
Nd5 Bxd5 11. Bxd5 h6 12. Bxf6 Qxf6 13. Qd2 Nb4 14. Bb3 c6 15. Rfe1 Rfe8 16. Rad1 d5 17. exd5 cxd5 18. d4 exd4 19.
Rxe8+ Rxe8 20. a3 Nc6 21. Bxd5 Rd8 22. Be4 Bb6 23. Qd3 g6 24. Qc4 Kg7 25. a4 Na5 26. Qb5 Qe6 27. Qe2 Re8 28.
Re1 Nc4 29. b4 Nd6 30. Bd3 Qxe2 31. Rxe2 Rxe2 32. Bxe2 a6 33. Bd3 Kf6 34. Kf1 g5 35. Ke2 Ke6 36. Nd2 Ke5 37. Kf3 f5 38.
Nc4+ Nxc4 39. Bxc4 Bc7 40. Bd3 Bd6 41. b5 a5 42. Bc4 b6 43. Ke2 h5 44. g3 f4 45. Kf3 fxg3 46. fxg3 Bc5 47.
h4 g4+ 48. Ke2 Kf6 49. Bd5 Kg7 50. Be6 Bd6 51. Kf2 Bc5 52. Kg2 Kf6 53. Bd7 Ke7 54. Bf5 Kf6 55. Be4 Kg7 56. Bc6 Kf8 57.
Bd5 Kg7 58. Be4 Kf6 59. Kf1 Ke5 1/2-1/2

[Event "Mistrovství Čech mládeže 2023 - HD14"]
[Site "Harrachov, Czech Republic"]
[Date "2023.10.26"]
[Round "7.14"]
[White "Denko, Otakar"]
[Black "Borecký, Andrej"]
[Result "0-1"]
[TimeControl "90m + 30s"]
[WhiteElo "1417"]
[BlackElo "1341"]

1. e4 c5 2. Nf3 Nc6 3. d4 cxd4 4. Nxd4 Nf6 5. Nc3 e5 6. Nf3 Bb4 7. Bd3 O-O 8. a3 Bxc3+ 9. bxc3 d6 10. h3 h6 11. O-O Be6 12.
Re1 Rc8 13. Bd2 Na5 14. Rb1 Qc7 15. Rb4 Nc4 16. Bxc4 Bxc4 17. Qa1 a5 18. Rb2 a4 19. Rb4 b5 20. Re3 d5 21. Re1 Nxe4 22. Qc1 f5 23. Nh2 f4 24. Ng4 Qc5 25. Rxe4 dxe4 26.
Qe1 Rcd8 27. Bc1 Qd5 28. Bd2 Qxd2 29. Qxe4 f3 0-1

[Event "Mistrovství Čech mládeže 2023 - HD14"]
[Site "Harrachov, Czech Republic"]
[Date "2023.10.26"]
[Round "7.15"]
[White "Krautschneider, Daniel Jan"]
[Black "Ugrenovich, Jaroslav"]
[Result "1-0"]
[TimeControl "90m + 30s"]
[WhiteElo "1669"]
[BlackElo "1277"]

1. e4 c6 2. Nc3 d5 3. Nf3 Bg4 4. Be2 e6 5. O-O Nd7 6. h3 Bxf3 7. Bxf3 d4 8. Ne2 e5 9. d3 g5 10.
Ng3 f6 11. Bh5+ Ke7 12. Nf5+ Ke6 13. Qg4 Nb6 14. Nh6+ Ke7 15. Nf5+ Kd7 16. Nxd4+ Kd6 17. Qe6+ Kc7 18. Qf7+ Qe7 19.
Ne6+ Kd6 20. Nxf8 Qxf7 21. Bxf7 Rxf8 22. Bh5 Ne7 23. Be3 Kc7 24. a4 Rd8 25. b4 a6 26. Rfb1 Nbc8 27. b5 Nd6 28.
bxa6 Ra8 29. axb7 Nxb7 30. a5 Rhb8 31. a6 Nd6 32. Rxb8 Rxb8 33. a7 Ra8 34. Bc5 Nec8 35. Bg4 Kb7 36.
Bxc8+ Nxc8 37. Kf1 Nxa7 38. Ke2 Nc8 39. Rxa8 Kxa8 40. c3 Kb7 41. Ke3 Kc7 42. d4 Kd7 43. g3 exd4+ 44. cxd4 Ke6 45. f4 gxf4+ 46. Kxf4 Ne7 47. Bxe7 Kxe7 48. Kf5 Kf7 49. g4 Ke7 50. h4 Kf7 51. e5 fxe5 52. Kxe5 Ke7 53. g5 Kd7 54. Kf6 Kd6 55. Kg7 Kd5 56. Kxh7 Kxd4 57. g6 1-0

[Event "Mistrovství Čech mládeže 2023 - HD14"]
[Site "Harrachov, Czech Republic"]
[Date "2023.10.26"]
[Round "7.16"]
[White "Rudlof, Adam"]
[Black "Nguyen, Nhat Minh Thu"]
[Result "1-0"]
[TimeControl "90m + 30s"]
[WhiteElo "1639"]
[BlackElo "1238"]

1. e4 c5 2. Nf3 d6 3. d4 cxd4 4. Nxd4 Nf6 5. Nc3 a6 6. h3 e6 7. g4 Be7 8. g5 Nfd7 9. Be3 Bxg5 10. Nxe6 fxe6 11. Qh5+ g6 12. Qxg5 Qxg5 13. Bxg5 h6 14.
Be3 Nc6 15. O-O-O Ke7 16. f4 b5 17. Rg1 Nf6 18. Rxg6 b4 19. Na4 Nxe4 20. Bg2 d5 21. Bxe4 dxe4 22. Nc5 e5 23. Rxc6 exf4 24. Bxf4 Bxh3 25. Rxh6 Rxh6 26.
Bxh6 Kf6 27. Nxe4+ Kg6 28. Nf2 Bf5 29. Be3 Rc8 30. Rd6+ Kf7 31. Nd3 Ke7 32. Rd5 Bg4 33. Bc5+ Ke6 34.
Re5+ Kf6 35. Bxb4 Bf5 36. Be7+ Kg6 37. Nf4+ 1-0

[Event "Mistrovství Čech mládeže 2023 - HD14"]
[Site "Harrachov, Czech Republic"]
[Date "2023.10.26"]
[Round "7.17"]
[White "Němec, Mikuláš"]
[Black "Pásek, Josef"]
[Result "0-1"]
[TimeControl "90m + 30s"]
[WhiteElo "1154"]
[BlackElo "1555"]

1. d4 Nf6 2. Nf3 c5 3. dxc5 Qa5+ 4. Nc3 e6 5. Bf4 Ne4 6. Bd2 Nxd2 7. Qxd2 Bxc5 8. e3 d5 9. Bb5+ Bd7 10.
Bxd7+ Nxd7 11. O-O Bb4 12. Nd4 Bxc3 13. Qxc3 Qxc3 14. bxc3 O-O 15. c4 dxc4 16. Rfd1 Nc5 17. Rab1 a6 18.
Ne2 Rfd8 19. Nc3 b5 20. Kf1 Kf8 21. Ke1 Rxd1+ 22. Kxd1 Ke7 23. Rb4 Kd6 24. Ke2 f5 25. f4 Ne4 26.
Nxe4+ fxe4 27. a4 Kc5 28. c3 Rd8 29. Rb2 Rd3 30. Rc2 bxa4 0-1

[Event "Mistrovství Čech mládeže 2023 - HD14"]
[Site "Harrachov, Czech Republic"]
[Date "2023.10.26"]
[Round "7.18"]
[White "Holeš, Vojta"]
[Black "Mezera, Antonín"]
[Result "1/2-1/2"]
[TimeControl "90m + 30s"]
[WhiteElo "1440"]
[BlackElo "1166"]

1. e4 c5 2. Nf3 e6 3. d4 cxd4 4.
Nxd4 Nc6 5. Nc3 Nf6 6. Bg5 Be7 7. f4 h6 8. Bh4 Nxe4 9. Bxe7 Nxc3 10. Nxc6 bxc6 11. Bxd8 Nxd1 12. Ba5 Nxb2 13.
Bc3 Na4 14. Bxg7 Rh7 15. Bf6 Nc5 16. Rb1 Ba6 17. Bxa6 Nxa6 18. O-O Nc5 19. Rb4 d5 20. Rf3 Ne4 21. Be5 f6 22. Bb2 Rc7 23.
Rh3 Rh7 24. Rbb3 1/2-1/2

[Event "Mistrovství Čech mládeže 2023 - HD14"]
[Site "Harrachov, Czech Republic"]
[Date "2023.10.27"]
[Round "8.1"]
[White "Topenčík, Bruno"]
[Black "Švadlenka, Michal"]
[Result "1-0"]
[TimeControl "90m + 30s"]
[WhiteElo "1832"]
[BlackElo "1651"]

1. e4 c5 2. Nf3 d6 3. d4 cxd4 4. Nxd4 Nf6 5. f3 g6 6. c4 Bg7 7. Nc3 O-O 8. Be3 Nc6 9. Qd2 Bd7 10.
Be2 Rc8 11. O-O Ne5 12. b3 a5 13. Rac1 Ne8 14. f4 Nc6 15. f5 Nxd4 16. Bxd4 Bxd4+ 17. Qxd4 Ng7 18. Rf3 Bc6 19. Qe3 Ne8 20.
Qh6 Nf6 21. Rh3 Kh8 22. fxg6 fxg6 23. Rf1 Rf7 24. Qe3 Bd7 25. Rhf3 Qg8 26. Nd5 Qf8 27. Qc3 Kg7 28. Nxf6 exf6 29.
Qxa5 Rc5 30. Qd2 Bc6 31. Rd3 Bxe4 32. Rxd6 Rg5 33. Bf3 Bxf3 34. Rxf3 Qe7 35. Rfd3 Qe5 36. Re3 Qc5 37. Kh1 Rf5 38.
h3 Qc7 39. Kg1 Qc5 40. Rd4 h5 41. b4 Qc7 42. c5 Re5 43. Red3 Qe7 44. Rd7 Qe6 45. Rxf7+ Kxf7 46. Rd7+ Ke8 47.
Rd8+ Ke7 48. Qd6+ Qxd6 49. Rxd6 Re3 50. Rb6 Ra3 51. Rxb7+ Ke6 52. b5 Kd5 53. Rc7 Rxa2 54. b6 Ra8 55.
b7 Rb8 56. c6 1-0

[Event "Mistrovství Čech mládeže 2023 - HD14"]
[Site "Harrachov, Czech Republic"]
[Date "2023.10.27"]
[Round "8.2"]
[White "Bělaška, Václav"]
[Black "Váňa, Jan"]
[Result "0-1"]
[TimeControl "90m + 30s"]
[WhiteElo "1666"]
[BlackElo "1969"]

1. e4 c5 2. Bc4 Nc6 3. Nf3 Nf6 4. Nc3 e6 5. Qe2 a6 6. a4 Be7 7. e5 Ng4 8. d3 f6 9. Nh4 Ngxe5 10. f4 Nd4 11. Qd1 Nf7 12. O-O f5 13. Nf3 Bf6 14. Be3 d5 15. Ba2 Nxf3+ 16. Qxf3 d4 0-1

[Event "Mistrovství Čech mládeže 2023 - HD14"]
[Site "Harrachov, Czech Republic"]
[Date "2023.10.27"]
[Round "8.3"]
[White "Roubal, Matyáš"]
[Black "Ježek, Jakub"]
[Result "1-0"]
[TimeControl "90m + 30s"]
[WhiteElo "1884"]
[BlackElo "1642"]

1. e4 c5 2. Nf3 d6 3. d4 cxd4 4. Nxd4 Nf6 5. Nc3 Nc6 6. Bc4 e5 7. Nb3 Be7 8. O-O Be6 9. Qe2 Bxc4 10.
Qxc4 Rc8 11. Bg5 O-O 12. Bxf6 Bxf6 13. Qd3 Nd4 14. Nxd4 exd4 15. Nd5 g6 16. Nxf6+ Qxf6 17. Rfd1 Rc6 18.
Rac1 Rfc8 19. Rd2 Qe5 20. f3 Qc5 21. Kf1 Qc4 22. Qxc4 Rxc4 23. Ke2 Ra4 24. a3 Kg7 25. Ra1 Kf6 26.
Kd3 Rac4 27. Rc1 Ra4 28. Ra1 Rac4 29. Ra2 Ke5 30. g3 g5 31. Ra1 R8c7 32. Rf1 f6 33. f4+ gxf4 34. gxf4+ Ke6 35.
Rff2 b5 36. b3 Rc3+ 37. Kxd4 f5 38. Rg2 a5 39. exf5+ Kxf5 40. Rg5+ Kxf4 41. Rxb5 Rxc2 42.
Rxc2 Rxc2 43. Rh5 a4 44. bxa4 Rc7 45. a5 Kg4 46. Rb5 Ra7 47. Kc4 Kh3 48. Rh5+ Kg4 49. Rd5 Kh3 50. Kb5 Kxh2 51.
Rxd6 Kg3 52. Rh6 Kf4 53. Kb6 1-0

[Event "Mistrovství Čech mládeže 2023 - HD14"]
[Site "Harrachov, Czech Republic"]
[Date "2023.10.27"]
[Round "8.4"]
[White "Bludský, Hynek"]
[Black "Švadlenka, Dominik"]
[Result "0-1"]
[TimeControl "90m + 30s"]
[WhiteElo "1547"]
[BlackElo "1710"]

1. e4 c6 2. d4 d5 3. e5 c5 4. dxc5 e6 5. a3 Bxc5 6. b4 Be7 7. Bb2 Qc7 8. Nf3 Nh6 9. Bd3 O-O 10.
O-O Nc6 11. Re1 Rd8 12. Qd2 Nf5 13.
Bxf5 exf5 14. Nc3 Be6 15. Nb5 Qd7 16. Nbd4 Rac8 17. Rad1 a6 18. h3 Nxd4 19. Nxd4 h6 20. f4 Rc4 21.
c3 Rdc8 22. Kh2 Bd8 23. g3 Bb6 24. Nf3 d4 25. Qe2 Qa4 26. cxd4 Rc2 27. Rd2 Rxd2 28. Nxd2 Rc2 29. Bc1 Qc6 30.
Qf1 Bxd4 31. h4 Qc3 32. Rd1 Rxc1 33. Rxc1 Qxd2+ 34. Kh3 g5 35. hxg5 hxg5 36. fxg5 f4+ 37. g4 Qe3+ 0-1

[Event "Mistrovství Čech mládeže 2023 - HD14"]
[Site "Harrachov, Czech Republic"]
[Date "2023.10.27"]
[Round "8.5"]
[White "Pogorelskiy, Boris"]
[Black "Křivka, Matěj"]
[Result "1/2-1/2"]
[TimeControl "90m + 30s"]
[WhiteElo "1541"]
[BlackElo "1665"]

1. e4 c5 2. Nf3 e6 3. d4 cxd4 4. Nxd4 Nc6 5. Be3 a6 6. Bd3 Qc7 7. Qe2 Nf6 8. O-O Be7 9. c4 O-O 10. Nc3 b6 11. f4 Nxd4 12.
Bxd4 Bc5 13. Bxc5 Qxc5+ 14. Qf2 Qxf2+ 15. Rxf2 d6 16. Rd1 Bb7 17. Bc2 Rfc8 18. Rxd6 Rxc4 19. e5 Ng4 20. Rfd2 g6 21. Rxb6 Bd5 22.
Bb3 Rxf4 23. Bxd5 exd5 24. Nxd5 Re4 25. Nf6+ Nxf6 26. exf6 Ra4 27. Rbd6 h6 28. Rd8+ Rxd8 29. Rxd8+ Kh7 30.
Rf8 g5 31. Rxf7+ Kg6 32. Ra7 Kxf6 33.
a3 Kf5 34. Rh7 Kg6 35. Rb7 Kh5 36. Rb6 g4 37. Kf2 Rc4 38. Kg3 Ra4 39. Rb4 Rxb4 40. axb4 Kg5 41. h3 h5 42. Kf2 Kf4 43. hxg4 hxg4 44. g3+ Ke4 45.
Ke2 Kd4 46. Kd2 Ke4 1/2-1/2

[Event "Mistrovství Čech mládeže 2023 - HD14"]
[Site "Harrachov, Czech Republic"]
[Date "2023.10.27"]
[Round "8.6"]
[White "Chernyy, Andrey"]
[Black "Slívová, Linda"]
[Result "1/2-1/2"]
[TimeControl "90m + 30s"]
[WhiteElo "1655"]
[BlackElo "1624"]

1. e4 c6 2. d4 d5 3. e5 Bf5 4. h4 Qb6 5. h5 h6 6. g4 Bd7 7. c3 e6 8. Qb3 c5 9. Be3 c4 10.
Qc2 Nc6 11. Nd2 Qa5 12. Bh3 b5 13. Ne2 b4 14. O-O Nge7 15. f4 Qd8 16. f5 Nc8 17. Nf4 Qe7 18. Rae1 Nb6 19. fxe6 Bxe6 20.
Rf3 O-O-O 21. Nxe6 fxe6 22. Qg6 Qe8 23. Qc2 Rd7 24. Ref1 Nd8 25. b3 Rc7 26. cxb4 Bxb4 27. bxc4 Nxc4 28.
Nxc4 Rxc4 29. Qb3 a5 30. Rb1 Rc3 31. Qb2 Rf8 32. Rxf8 Qxf8 33. Rc1 Rxc1+ 34. Qxc1+ Kd7 35. Bf1 Nc6 36.
Bb5 Qc8 37. Bd2 Qb7 38. a4 Qb6 39. Qxc6+ Qxc6 40. Bxc6+ Kxc6 41. Be3 Bc3 42. Kf2 Kd7 43. Ke2 Ke7 44. Kd3 Bb4 45. Bd2 Bxd2 46.
Kxd2 Kf7 47. Ke3 g5 48. Kd3 1/2-1/2

[Event "Mistrovství Čech mládeže 2023 - HD14"]
[Site "Harrachov, Czech Republic"]
[Date "2023.10.27"]
[Round "8.7"]
[White "Petrášek, Jiří"]
[Black "Migalko, Dmitriy"]
[Result "0-1"]
[TimeControl "90m + 30s"]
[WhiteElo "1423"]
[BlackElo "1842"]

1. e4 c5 2. c3 e6 3. d4 d5 4. exd5 exd5 5. Nf3 Nc6 6. Be3 c4 7. Nbd2 Bf5 8. Bg5 Be7 9.
Bf4 Qb6 10. Qc1 O-O-O 11. Be2 Re8 12. O-O Ba3 13. bxa3 Rxe2 14. Be3 Bd3 15. Rd1 Nf6 16. h3 Ne4 17. Nxe4 Rc2 18. Nd6+ Kc7 19. Bf4 Rxc1 20. Nxc4+ Kd8 21. Nxb6 Rxa1 22. Rxa1 axb6 23. Rd1 Be2 24. Rb1 b5 25.
a4 b4 26. cxb4 Bxf3 27. gxf3 Nxd4 28.
Kg2 Ke7 29. Be3 Ne6 30. Rd1 Rd8 31. Bd4 Rc8 32. Be5 f6 33. Bd4 Rc4 34. Bb2 d4 35. Kg3 Kd6 36. a3 Kd5 37. Rd2 g6 38.
Rd1 Rc2 39. Bc1 Rc3 40. Bb2 Rb3 41. Rd2 Kc4 42. Kg2 Rd3 43. Bc1 Rxd2 44. Bxd2 Kd3 45. Bh6 g5 46. b5 Kc2 47. Bf8 Nxf8 48.
a5 Nd7 49. a6 bxa6 50. bxa6 Nb6 51. a4 d3 52. a5 Na8 0-1

[Event "Mistrovství Čech mládeže 2023 - HD14"]
[Site "Harrachov, Czech Republic"]
[Date "2023.10.27"]
[Round "8.8"]
[White "Jakubše, Tamae Severína"]
[Black "Kravchenko, Andrey"]
[Result "1-0"]
[TimeControl "90m + 30s"]
[WhiteElo "1627"]
[BlackElo "1541"]

1. e4 c5 2. c3 d5 3. exd5 Qxd5 4. d4 Nf6 5. Nf3 Bf5 6. Be3 cxd4 7. Nxd4 Bd7 8. Qb3 Qxb3 9. axb3 a6 10.
Nd2 Nd5 11. Nc4 Nc6 12. b4 Nxe3 13. fxe3 Nxd4 14. exd4 Bc6 15. Ne5 Bd5 16. b5 a5 17. Bc4 e6 18. O-O f6 19. Bxd5 exd5 20.
Nd3 Bd6 21. Rf5 Kf7 22. Rxd5 Rhd8 23. Rf5 Re8 24. Rf2 Re3 25. Nf4 Rae8 26. Nd5 Re1+ 27. Rf1 R1e2 28. Nb6 Bc7 29. Nc4 Rc2 30.
Rf2 Ree2 31. Rxe2 Rxe2 32. b6 Bb8 33. Rxa5 Re1+ 34. Kf2 Re7 35. g3 Ke6 36. Ne3 Kd7 37. c4 Kc6 38. b4 Rf7 39.
Rc5+ Kd7 40. b5 g6 41. Rd5+ Ke6 42. Rd8 Bd6 43. c5 Be7 44. Rb8 Bf8 45. c6 bxc6 46. bxc6 Bd6 47. d5+ 1-0

[Event "Mistrovství Čech mládeže 2023 - HD14"]
[Site "Harrachov, Czech Republic"]
[Date "2023.10.27"]
[Round "8.9"]
[White "Stefaniv, Vladislav"]
[Black "Chon, Jeremy"]
[Result "1/2-1/2"]
[TimeControl "90m + 30s"]
[WhiteElo "1566"]
[BlackElo "1538"]

1. e4 c5 2. Nf3 g6 3. d4 cxd4 4. Qxd4 Nf6 5. Nc3 Nc6 6.
Qa4 d6 7. e5 dxe5 8. Nxe5 Bd7 9. Nxd7 Qxd7 10. Be3 Bg7 11. Be2 O-O 12. O-O a6 13. Rfd1 Qe6 14. Qb3 Qxb3 15. axb3 Rac8 16.
Bf3 e6 17. Na4 Ne5 18. Bxb7 Rxc2 19. Bxa6 Rb8 20. Bf4 Nd5 21. Bg3 Rxb3 22. Rac1 Rxc1 23. Rxc1 h5 24. h4 Rb4 25. Ra1 Nc4 26.
Bxc4 Rxc4 27. Nc3 Nxc3 28. bxc3 Rxc3 29. Ra8+ 1/2-1/2

[Event "Mistrovství Čech mládeže 2023 - HD14"]
[Site "Harrachov, Czech Republic"]
[Date "2023.10.27"]
[Round "8.10"]
[White "Borecký, Andrej"]
[Black "Mikulka, Martin Michael"]
[Result "1/2-1/2"]
[TimeControl "90m + 30s"]
[WhiteElo "1341"]
[BlackElo "1826"]

1. d4 d5 2. c4 e6 3. Nc3 Nf6 4. Bg5 dxc4 5. e3 c5 6. Nf3 cxd4 7. Nxd4 e5 8. Nf3 Qxd1+ 9. Rxd1 Nc6 10.
Bxc4 Bb4 11. O-O Bxc3 12. bxc3 a6 13. Bxf6 gxf6 14. Rd6 Ke7 15. Rfd1 Rd8 16. Rxd8 Nxd8 17. Kf1 Be6 18. Bb3 Rc8 19.
Bxe6 fxe6 20. Rc1 Nf7 21. Ke2 Nd6 22. Nd2 b5 23. Kd3 Nc4 24. Nxc4 Rxc4 25. f3 h5 26. g3 Rc8 27. e4 f5 28.
Ke3 Kf6 29. Rc2 Rg8 30. c4 bxc4 31. Rxc4 h4 32. exf5 hxg3 33. hxg3 exf5 34. Rc6+ Kg5 35. Rxa6 f4+ 36. gxf4+ exf4+ 37. Ke4 1/2-1/2

[Event "Mistrovství Čech mládeže 2023 - HD14"]
[Site "Harrachov, Czech Republic"]
[Date "2023.10.27"]
[Round "8.11"]
[White "Seidl, Václav"]
[Black "Krautschneider, Daniel Jan"]
[Result "0-1"]
[TimeControl "90m + 30s"]
[WhiteElo "1478"]
[BlackElo "1669"]

1. e4 c5 2. Nf3 d6 3. d4 cxd4 4. Nxd4 Nf6 5. Nc3 Nc6 6. Bg5 e6 7. Qd2 a6 8. O-O-O Be7 9. f4 Bd7 10.
Be2 Qc7 11. Bf3 Nxd4 12. Qxd4 Bc6 13. Bxf6 gxf6 14. Rhe1 O-O-O 15. Bh5 Rhf8 16. Qc4 b5 17. Qf1 Kb8 18. a3 Bb7 19. Rd3 Rc8 20.
Qf2 Qa5 21. Na2 Rc4 22. Bf3 Rfc8 23. Re2 b4 24. Kb1 bxa3 25. Rxa3 Qc7 26. Rc3 Rxc3 27. Nxc3 Qa5 28. Qh4 Qb6 29.
Na2 Rh8 30. Qh5 Bd8 31. Qxf7 Qg1+ 32. Nc1 Qxh2 33. Qg7 Re8 34. g3 Qh3 35. Re1 Qh2 36. Nd3 f5 37. Kc1 Ba5 38. c3 Bb6 39.
Kd1 Bf2 40. Re2 Qxg3 41. Qd7 Rg8 42. Rxf2 fxe4 43. Qxd6+ Ka8 44. Qe7 exf3 45. Qxe6 Rd8 46. Kc2 Rxd3 47. Kxd3 Qxf2 48. Qg8+ Ka7 49.
Kc4 Qxb2 50. Qg1+ Qb6 51. Qg3 f2 0-1

[Event "Mistrovství Čech mládeže 2023 - HD14"]
[Site "Harrachov, Czech Republic"]
[Date "2023.10.27"]
[Round "8.13"]
[White "Pásek, Josef"]
[Black "Hrdlička, Jan"]
[Result "1-0"]
[TimeControl "90m + 30s"]
[WhiteElo "1555"]
[BlackElo "1418"]

1. d4 d5 2. Nf3 Nf6 3. g3 c5 4. c4 dxc4 5. Qa4+ Qd7 6. Qxc4 cxd4 7. Nxd4 e6 8. Nc3 Be7 9. Bg2 O-O 10.
O-O Rd8 11. Rd1 e5 12. Nf3 Qc6 13. Rxd8+ Bxd8 14. Nxe5 Qxc4 15. Nxc4 Nc6 16. Nd6 Be7 17. Nxc8 Rxc8 18. Be3 a6 19.
Rd1 h6 20. Bb6 Kh7 21. f4 Nd8 22. e4 Kg8 23. e5 Ne8 24. Rd7 Kf8 25. Nd5 Rc1+ 26. Bf1 Nc6 27. Nxe7 Nxe7 28. b4 Nc8 29.
Bc5+ 1-0

[Event "Mistrovství Čech mládeže 2023 - HD14"]
[Site "Harrachov, Czech Republic"]
[Date "2023.10.27"]
[Round "8.14"]
[White "Stibor, Ondřej"]
[Black "Kammová, Kateřina"]
[Result "0-1"]
[TimeControl "90m + 30s"]
[WhiteElo "1170"]
[BlackElo "1543"]

1. e4 e6 2. d4 d5 3. exd5 exd5 4. Bd3 Bd6 5. Be3 Nf6 6. Nf3 O-O 7. O-O Bg4 8. Nbd2 c6 9. c3 Qc7 10.
Qc2 Nbd7 11. Rfe1 Rfe8 12. h3 Bh5 13. Bg5 Bg6 14. Bxg6 hxg6 15. Re3 Nh7 16. Rae1 Ndf6 17. Rxe8+ Rxe8 18.
Rxe8+ Nxe8 19. h4 Nxg5 20. Nxg5 Qe7 21. Ndf3 Nf6 22. g3 Bc7 23. Kf1 Kf8 24. Qe2 Qxe2+ 25. Kxe2 Ng4 26. Nd2 Ke7 27.
f3 Nh6 28. f4 f6 29. Ngf3 b6 30. b4 Ke6 31. Nh2 Nf5 32. Kf3 Nd6 33. a4 Nb7 34. Nb3 Bd6 35. Nf1 c5 36. bxc5 bxc5 37. Ne3 c4 38. Nd2 Bc7 39.
g4 Ba5 40. Nb1 Nd6 41. Nd1 Ne4 42. Ke3 Kd7 43. Kf3 Kc6 44. Ke2 Kd6 45. Ke3 Ke6 46. Kf3 Bd8 47. Ne3 f5 48. g5 Ba5 49.
Nd1 Kd6 50. Ke3 Kc6 51. Kf3 Nd6 52. Ke2 Nf7 53. Kd2 Bc7 54. Ke3 Nd8 55. Kf3 Ne6 56. Na3 Bxf4 57. Ne3 Bb8 58. Nb5 a6 59.
Na3 Nf4 60. Nac2 a5 61. Ne1 Ne6 62. N1g2 Bd6 63. Nd1 Bb8 64. Nde3 Kd6 65. Nf4 Nxf4 66. Kxf4 Ke6+ 67. Kf3 f4 68.
Ng2 Kf5 69. Ne1 Bc7 70. Ng2 Bd6 71. Ne1 Ba3 72. Nc2 Bb2 73. Nb4 axb4 0-1

[Event "Mistrovství Čech mládeže 2023 - HD14"]
[Site "Harrachov, Czech Republic"]
[Date "2023.10.27"]
[Round "8.15"]
[White "Bělaška, Adam"]
[Black "Tejnor, Martin"]
[Result "1/2-1/2"]
[TimeControl "90m + 30s"]
[WhiteElo "1503"]
[BlackElo "1418"]

1. e4 c5 2. Nf3 d6 3. c3 Nf6 4. Be2 Nc6 5. d4 cxd4 6. cxd4 e6 7. Nc3 Be7 8. O-O O-O 9. Be3 b6 10.
Qc2 Bb7 11. a3 Rc8 12. Rfd1 Qc7 13. Rac1 Rfd8 14. Qb1 Qb8 15. h3 Qa8 16. Bd3 h6 17. Ne1 Nb8 18. f4 Nbd7 19. Nf3 Kh8 20.
Kf2 Qb8 21. Rh1 e5 22. d5 Nc5 23. f5 Nh7 24. g4 f6 25. h4 Rg8 26. g5 h5 27. Rcg1 Nxd3+ 28. Qxd3 g6 29. Qd1 Rcf8 30.
Nd2 Qe8 31. Ke1 gxf5 32. exf5 fxg5 33. hxg5 Rxf5 34. Nde4 Qg6 35. Qxh5 Qxh5 36. Rxh5 Rg6 37. Rgh1 Rf7 38. Rh6 Rfg7 39.
Nf6 Rxh6 40. Rxh6 Bxf6 41. gxf6 Rf7 42. Ne4 Rd7 43. Ng5 Bxd5 44. f7 Bxf7 45. Rxh7+ Kg8 46. Rxf7 Rxf7 47. Nxf7 Kxf7 48.
Kd2 Ke6 49. Kd3 d5 50. a4 Kd6 51. b3 Ke6 52. a5 d4 53. axb6 1/2-1/2

[Event "Mistrovství Čech mládeže 2023 - HD14"]
[Site "Harrachov, Czech Republic"]
[Date "2023.10.27"]
[Round "8.16"]
[White "Brabcová, Nikola"]
[Black "Malý, Jiří"]
[Result "0-1"]
[TimeControl "90m + 30s"]
[WhiteElo "1195"]
[BlackElo "1490"]

1. e4 e5 2. Nc3 Nf6 3. f4 d5 4. fxe5 Nxe4 5. Qf3 Nxc3 6. bxc3 c6 7. d4 Be7 8. Bd3 Bh4+ 9. g3 Be7 10.
Ne2 Be6 11. O-O Qd7 12. Bf5 Bxf5 13. Qxf5 Qxf5 14. Rxf5 O-O 15. Rf3 Nd7 16. Bd2 c5 17. Re1 cxd4 18. cxd4 Rac8 19. c3 Nb6 20.
Nf4 Rfd8 21. Kg2 Nc4 22. Re2 Rc6 23. h4 Ra6 24. e6 f6 25. Bc1 Ra5 26. Nh5 Rd6 27. g4 Rda6 28. Kh3 Rxa2 29.
Re1 Nd6 30. g5 f5 31. Re5 Rc2 32. Ng3 g6 33. Ne2 Raa2 34. Nf4 Rxc1 35. Nxd5 Rh1+ 36. Kg3 Kf8 37. c4 Ne4+ 38. Rxe4 Rg1+ 39.
Kh3 Rh1+ 40. Kg3 Bd6+ 41. Ref4 Bxf4+ 42. Kxf4 Re1 43. Re3 Rf2+ 44. Rf3 Rxf3+ 45. Kxf3 Rxe6 46. Nf6 a5 47. d5 Rxf6 48.
gxf6 Kf7 49. c5 Kxf6 50. Ke3 Ke7 51. Kd4 f4 52. Kc4 Kd7 53. Kb5 f3 54. Kb6 Kc8 55. d6 f2 56. d7+ Kxd7 57.
Kxb7 f1=Q 58. c6 Kd6 59. h5 Qb5+ 60. Ka7 Kxc6 61. h6 Qb7# 0-1